 Dungeon Crawl Stone Soup version 0.24.0-2-g5b39cebb1c (webtiles) character file.

Game seed: 12889488657792017426, levelgen mode: deterministic

526901 Fingolfin the Commander (level 27, -10/217 HPs)
             Began as a Formicid Necromancer on Oct 29, 2019.
             Was a High Priest of Okawaru.
             Killed from afar by a golden dragon (38 damage)
             ... with a bolt of fire
             ... on level 5 of the Vaults.
             The game lasted 03:24:43 (59237 turns).

Fingolfin the Commander (Formicid Necromancer)     Turns: 59237, Time: 03:24:44

Health: -10/217    AC: 34    Str: 30    XL:     27
Magic:  0/36       EV: 24    Int: 14    God:    Okawaru [*****.]
Gold:   1445       SH: 31    Dex: 16    Spells: 16/30 levels left

rFire    . . .     SeeInvis +   a - +9 eveningstar (freeze)
rCold    + . .     Gourm    .   A - +7 large shield of Awe {+Inv rPois rC+}
rNeg     + + .     Faith    .   Q - +1 pearl dragon scales
rPois    +         Spirit   +   (helmet unavailable)
rElec    +         Reflect  .   i - +0 cloak of Xom's Esteem {*Contam Slay+5} (curse)
rCorr    .         Harm     .   z - +2 pair of gloves {Dex+3}
MR       ++++.                  G - +1 pair of boots {run}
Stlth    ++........             U - amulet of Disaster {Spirit -Tele MR++ Str+3}
HPRegen  0.46/turn              x - +6 ring of protection
MPRegen  0.25/turn              X - ring of Juitawun {rElec rPois rN+ Dex+2}

@: heroism, finesse, very slightly contaminated, quick
A: permanent stasis, dig shafts and tunnels, four strong arms, antennae 3
}: 2/15 runes: decaying, serpentine
a: Dig, Shaft Self, Heroism, Finesse, Renounce Religion, Evoke Invisibility


You were on level 5 of the Vaults.
You worshipped Okawaru.
Okawaru was extremely pleased with you.
You were not hungry.

You visited 9 branches of the dungeon, and saw 42 of its levels.
You visited the Abyss 1 time.
You also visited: Ice Cave.

You collected 5096 gold pieces.
You spent 3651 gold pieces at shops.

Inventory:

Hand Weapons
 a - a +9 eveningstar of freezing (weapon)
Missiles
 H - 12 curare-tipped darts
 L - 17 atropa-tipped darts
 O - 9 throwing nets
 P - 13 silver boomerangs (quivered)
Armour
 b - a +2 crystal plate armour
 i - the cursed +0 cloak of Xom's Esteem (worn) {*Contam Slay+5}
   (You found it on level 4 of the Vaults)

   It affects your accuracy and damage with ranged weapons and melee attacks
   (+5).
   It causes magical contamination when unequipped.
   It has a curse placed upon it.
 z - a +2 pair of gloves of dexterity (worn)
 A - the +7 large shield of Awe (worn) {+Inv rPois rC+}
   (You acquired it on level 3 of the Elven Halls)

   It protects you from cold.
   It protects you from poison.
   It lets you turn invisible.
 C - a +2 cloak of invisibility
 G - a +1 pair of boots of running (worn)
 I - a +0 pair of boots of flying
 Q - +1 pearl dragon scales (worn)
Jewellery
 x - a +6 ring of protection (left hand)
 J - the ring of Geih {rF+ rN+}
   (You found it on level 3 of the Swamp)

   [ring of positive energy]

   It protects you from fire.
   It protects you from negative energy.
 U - the amulet of Disaster (around neck) {Spirit -Tele MR++ Str+3}
   (You bought it in a shop on level 1 of the Vaults)

   [amulet of guardian spirit]

   It causes incoming damage to be split between your health and magic.
   It affects your strength (+3).
   It affects your resistance to hostile enchantments.
   It prevents most forms of teleportation.
 X - the ring of Juitawun (right hand) {rElec rPois rN+ Dex+2}
   (You found it on level 3 of the Elven Halls)

   [ring of dexterity]

   It affects your dexterity (+2).
   It insulates you from electricity.
   It protects you from poison.
   It protects you from negative energy.
Wands
 f - a wand of acid (26)
 p - a wand of enslavement (8)
 q - a wand of paralysis (16)
 t - a wand of iceblast (34)
 y - a wand of clouds (5)
 B - a wand of polymorph (39)
 Y - a wand of disintegration (8)
 Z - a wand of digging (14)
Scrolls
 e - 2 scrolls of holy word
 h - a scroll of identify
 j - 7 scrolls of fog
 l - 9 scrolls of fear
 v - 5 scrolls of magic mapping
 N - 2 scrolls of silence
 W - 11 scrolls of remove curse
Potions
 c - a potion of magic
 g - 3 potions of ambrosia
 k - 4 potions of mutation
 n - 7 potions of flight
 o - 4 potions of resistance
 r - 13 potions of lignification
 s - 2 potions of might
 D - 4 potions of cancellation
 E - 7 potions of brilliance
 F - 3 potions of invisibility
 R - 8 potions of agility
 V - a potion of curing
Miscellaneous
 m - 5 phantom mirrors
 u - 2 sacks of spiders
 w - a lightning rod (4/4)
 K - a lamp of fire (inert)
 M - 5 boxes of beasts
 S - a phial of floods
Comestibles
 d - 50 rations


   Skills:
 - Level 18.0(23.0) Fighting
   Level 4.7(9.7) Short Blades
 - Level 16.0(21.0) Maces & Flails
 + Level 13.9(18.9) Armour
 + Level 13.4(18.4) Dodging
 - Level 2.4(7.4) Stealth
 + Level 14.3(19.3) Shields
 - Level 2.1 Spellcasting
 - Level 6.0 Charms
 - Level 12.0 Necromancy
 - Level 6.0 Air Magic
 - Level 18.5 Invocations
 * Level 17.1 Evocations


You had 16 spell levels left.
You knew the following spells:

 Your Spells              Type           Power        Failure   Level  Hunger
a - Pain                  Necr           ####         1%          1    #......
b - Animate Dead          Necr           N/A          3%          4    #####..
c - Summon Lightning Spi  Summ/Air       #.......     75%         4    #####..
R - Regeneration          Chrm/Necr      ####......   3%          3    ###....
S - Swiftness             Chrm/Air       ###.....     4%          2    ###....

Your spell library contained the following spells:

 Spells                   Type           Power        Failure   Level  Hunger
 Animate Skeleton         Necr           N/A          1%          1    #......
 Corpse Rot               Necr           N/A          1%          2    ###....
 Sublimation of Blood     Necr           #####.....   1%          2    ###....
 Vampiric Draining        Necr           #####.....   1%          3    ###....
 Song of Slaying          Chrm           ###.....     5%          2    ###....
 Agony                    Necr           #####...     9%          5    ######.
 Dispel Undead            Necr           #####...     9%          5    ######.
 Shock                    Conj/Air       #...         12%         1    #......
 Poisonous Vapours        Pois/Air       #.....       19%         2    ###....
 Excruciating Wounds      Chrm/Necr      ####......   28%         5    ######.
 Airstrike                Air            ###.......   32%         4    #####..
 Ozocubu's Armour         Chrm/Ice       #.......     34%         3    ###....
 Static Discharge         Conj/Air       #.......     34%         3    ###....
 Beastly Appendage        Tmut           #.....       38%         1    #......
 Confusing Touch          Hex            #.....       38%         1    #......
 Corona                   Hex            #......      38%         1    #......
 Flame Tongue             Conj/Fire      #....        38%         1    #......
 Magic Dart               Conj           #...         38%         1    #......
 Summon Small Mammal      Summ           #...         38%         1    #......
 Death Channel            Necr           #####.....   41%         6    #######
 Mephitic Cloud           Conj/Pois/Air  #.......     47%         3    ###....
 Call Imp                 Summ           #.......     52%         2    ###....
 Ensorcelled Hibernation  Hex/Ice        #.....       52%         2    ###....
 Passwall                 Tmut/Erth      #.......     52%         2    ###....
 Slow                     Hex            #.......     52%         2    ###....
 Sticks to Snakes         Tmut           #.......     52%         2    ###....
 Throw Flame              Conj/Fire      #.....       52%         2    ###....
 Throw Frost              Conj/Ice       #.....       52%         2    ###....
 Bolt of Draining         Conj/Necr      ###.......   67%         5    ######.
 Borgnjor's Vile Clutch   Necr/Erth      ###.......   67%         5    ######.
 Call Canine Familiar     Summ           #.......     77%         3    ###....
 Confuse                  Hex            #.......     77%         3    ###....
 Conjure Flame            Conj/Fire      #.......     77%         3    ###....
 Dazzling Spray           Conj/Hex       #.....       77%         3    ###....
 Gell's Gravitas          Tloc           #.........   77%         3    ###....
 Ignite Poison            Fire/Tmut/Pois #.......     77%         3    ###....
 Inner Flame              Hex/Fire       #.......     77%         3    ###....
 Lesser Beckoning         Tloc           #.........   77%         3    ###....
 Recall                   Summ/Tloc      N/A          77%         3    ###....
 Spider Form              Tmut/Pois      #.........   77%         3    ###....
 Summon Guardian Golem    Hex/Summ       #.......     77%         3    ###....
 Tukima's Dance           Hex            #.......     77%         3    ###....
 Iskenderun's Battlesphe  Conj/Chrm      #.......     97%         5    ######.
 Lightning Bolt           Conj/Air       #.........   97%         5    ######.
 Silence                  Hex/Air        #.........   97%         5    ######.
 Ice Form                 Ice/Tmut       #.......     99%         4    #####..
 Leda's Liquefaction      Hex/Erth       #.........   99%         4    #####..
 Passage of Golubria      Tloc           N/A          99%         4    #####..
 Petrify                  Tmut/Erth      #.......     99%         4    #####..
 Sticky Flame             Conj/Fire      #.......     99%         4    #####..
 Summon Ice Beast         Ice/Summ       #.......     99%         4    #####..
 Deflect Missiles         Chrm/Air       ###.......   99%         6    #######
 Simulacrum               Ice/Necr       ###.......   99%         6    #######
 Alistair's Intoxication  Tmut/Pois      #.......     100%        5    ######.
 Blade Hands              Tmut           #.........   100%        5    ######.
 Bolt of Magma            Conj/Fire/Erth #.........   100%        5    ######.
 Fireball                 Conj/Fire      #.........   100%        5    ######.
 Irradiate                Conj/Tmut      #.........   100%        5    ######.
 Lee's Rapid Deconstruct  Erth           #.........   100%        5    ######.
 Metabolic Englaciation   Hex/Ice        #.........   100%        5    ######.
 Yara's Violent Unravell  Hex/Tmut       #.........   100%        5    ######.
 Bolt of Cold             Conj/Ice       #.........   100%        6    #######
 Conjure Ball Lightning   Conj/Air       #.........   100%        6    #######
 Darkness                 Hex            #.........   100%        6    #######
 Freezing Cloud           Conj/Ice/Air   #.........   100%        6    #######
 Invisibility             Hex            #.......     100%        6    #######
 Iron Shot                Conj/Erth      #.........   100%        6    #######
 Ozocubu's Refrigeration  Ice            #.........   100%        6    #######
 Statue Form              Tmut/Erth      #........    100%        6    #######
 Haunt                    Necr/Summ      ###.......   100%        7    #######
 Ring of Flames           Chrm/Fire      #.........   100%        7    #######
 Borgnjor's Revivificati  Necr           #####.....   100%        8    #######
 Death's Door             Chrm/Necr      ####......   100%        8    #######
 Infestation              Necr           #####.....   100%        8    #######
 Necromutation            Tmut/Necr      ###.......   100%        8    #######
 Shatter                  Erth           #.........   100%        9    #######
 Tornado                  Air            ###.......   100%        9    #######
 Blink                    Tloc           Unusable     N/A         2    N/A

Dungeon Overview and Level Annotations

Branches:
Dungeon (15/15)            Temple (0/1) D:7            Lair (6/6) D:8
  Swamp (4/4) Lair:4        Snake (4/4) Lair:3        Slime (1/5) Lair:6
    Orc (2/2) D:10            Elf (3/3) Orc:2        Vaults (5/5) D:13
  Crypt (2/3) Vaults:3     Depths (0/5) D:15          IceCv (visited)

Altars:
Ashenzari
Cheibriados
Dithmenos
Elyvilon
Fedhas
Kikubaaqudgha
Makhleb
Nemelex Xobeh
Okawaru
Qazlal
Ru
Vehumet
Wu Jian
Xom
Yredelemnul
Zin
The Shining One
Beogh

Shops:
D:5 *   D:12 (   Orc:2 }[}[%   Elf:1 *   Elf:3 }   Snake:2 !:   Snake:3 =?
Vaults:1 :=(   Vaults:2 =


Innate Abilities, Weirdness & Mutations

You cannot be hasted, slowed, berserked, paralysed or teleported.
You can dig through walls and to a lower floor.
Your four strong arms can wield two-handed weapons with a shield.
You have a pair of large antennae on your head. (SInv)


Message History

Your vault guard zombie hits the vault warden with a +0 war axe.
Your vault guard zombie hits the stone giant with a +0 war axe.
Your vault guard zombie hits the vault guard with a +0 war axe.
The flayed ghost is engulfed in blazing flames.
Your vault guard zombie hits the golden dragon but does no damage.
The titan casts a spell at your shadow dragon zombie.
The bolt of lightning hits your shadow dragon zombie!!
The bolt of lightning hits your deep elf knight!
Your shadow dragon zombie barely misses the titan.
Your shadow dragon zombie claws the titan!
Your shadow dragon zombie claws the titan but does no damage.
The tengu reaver is engulfed in blazing flames.
The deep elf demonologist is engulfed in blazing flames.
Things that are here:
a +3 halberd; a +0 plate armour The neqoxec hits your vault guard zombie!
The stone giant hits your vault guard zombie!!
The golden dragon breathes fire at you. The bolt of fire hits you!!!
You die...

{##...## .#..... .#....
{ .#... { ..p. {
...#####################
..(.....§§3ZCZ.e........
.......W§4pCp)D)........
ppp.....pep☼*)p.@.......
..........WZQZ))........
.pp#####################
.p{.# .#...# { .##....
{{ .# #.... { { .# ....
{


You could see a titan, a golden dragon, a stone giant, 2 vault wardens, a tengu
reaver, a vault guard, a flayed ghost, a deep elf demonologist, a hellwing, a
neqoxec, a battlesphere, a friendly deep elf knight, a friendly ironbrand
convoker, a friendly shadow dragon zombie and 3 friendly vault guard zombies.

Vanquished Creatures
  Vashnia (Snake:2)
  Jory (Vaults:3)
  A deep elf blademaster (Elf:3)
  3 titans (Vaults:5)
  2 deep elf master archers (Elf:3)
  3 ancient champions
  A sphinx (Vaults:5)
  Gastronok (Lair:2)
  2 storm dragons (Vaults:4)
  3 thorn hunters
  A tengu reaver (Vaults:4)
  14 nagarajas
  A shadow dragon (Vaults:5)
  A revenant (Crypt:1)
  13 deep elf sorcerers
  A curse skull (Crypt:2)
  10 vault wardens
  2 frost giants
  5 deep elf elementalists (Elf:3)
  11 ironheart preservers
  Louise (Swamp:3)
  3 ghouls (Crypt:2)
  3 stone giants
  2 very ugly things
  A war gargoyle (Vaults:5)
  Nessos (Orc:2)
  5 deep elf demonologists
  5 vampire knights
  An entropy weaver (Vaults:2)
  A white draconian (IceCv)
  7 deep elf annihilators
  6 dire elephants (Lair:6)
  Azrael (D:15)
  11 deep elf death magi
  2 ettins (Vaults:4)
  An eidolon (Crypt:1)
  A crystal guardian (Vaults:2)
  Josephine (Snake:1)
  4 fire dragons
  7 ogre magi
  5 great orbs of eyes
  4 deep elf high priests (Elf:3)
  5 jiangshi
  9 yaktaur captains
  23 hydras
  17 naga warriors
  28 vault guards
  A death knight (Vaults:3)
  Fannar (Lair:2)
  13 anacondas
  6 centaur warriors
  6 ghost crabs
  5 shambling mangroves
  An ice dragon (Vaults:2)
  13 alligators
  13 two-headed ogres
  A tengu warrior (D:15)
  24 dancing weapons
  Urug (Orc:2)
  A vampire mage (Crypt:1)
  11 orc high priests
  7 shock serpents
  2 deep troll earth magi (Vaults:3)
  13 naga sharpshooters
  A titan skeleton (Crypt:1)
  8 spriggans
  A storm dragon skeleton (Crypt:1)
  10 skeletal warriors
  2 fire crabs (shapeshifter)
  22 deep elf knights
  3 salamander mystics (Snake:3)
  A golden dragon zombie (Crypt:1)
  4 unseen horrors
  2 wizards (Vaults:3)
  An unseen horror (shapeshifter) (Vaults:2)
  A swamp dragon (shapeshifter) (Vaults:1)
  16 deep trolls
  6 spriggan druids
  2 flayed ghosts
  2 glowing orange brains (Vaults:3)
  16 deep elf archers
  14 naga ritualists
  13 swamp dragons
  14 orc knights
  7 ironbrand convokers
  2 necromancers
  6 phantasmal warriors
  10 ugly things
  A stone giant zombie (Crypt:1)
  A wolf spider (shapeshifter) (D:15)
  A cyclops (shapeshifter) (Vaults:2)
  9 mana vipers
  5 wolf spiders
  79 deep elf magi
  6 orc sorcerers
  5 cyclopes
  15 salamanders
  4 manticores (D:15)
  13 vault sentinels
  A frost giant skeleton (Crypt:1)
  6 elephants
  Maurice (Orc:2)
  3 apocalypse crabs (Swamp:1)
  A stone giant skeleton (Vaults:1)
  3 guardian serpents (Snake:2)
  A fire giant skeleton (Crypt:1)
  22 naga magi
  An alligator snapping turtle zombie (Crypt:1)
  An ice statue (IceCv)
  A water nymph (shapeshifter) (Vaults:2)
  44 black mambas
  A storm dragon simulacrum (Vaults:2)
  A guardian serpent (shapeshifter) (Vaults:2)
  17 spiny frogs
  2 gargoyles
  An emperor scorpion zombie (Crypt:1)
  2 efreet
  5 freezing wraiths
  A yaktaur (shapeshifter) (D:15)
  10 yaktaurs
  3 rime drakes
  A tengu conjurer (D:14)
  4 komodo dragons
  A small abomination (Vaults:5)
  A harpy zombie (Crypt:2)
  A queen bee (shapeshifter) (Vaults:4)
  18 polar bears
  A jumping spider (Vaults:2)
  A troll (shapeshifter) (Vaults:1)
  3 meliai (D:15)
  7 trolls
  A merfolk (D:12)
  A sphinx simulacrum (Vaults:1)
  20 hornets
  9 tyrant leeches
  2 meliai (shapeshifter)
  2 raiju (shapeshifter)
  A dream sheep (Lair:3)
  A meliai zombie (D:15)
  4 blink frogs (Lair:4)
  22 slime creatures
  A polar bear (shapeshifter) (Vaults:1)
  5 flying skulls (Crypt:1)
  A human simulacrum (Vaults:1)
  7 bog bodies
  An ettin zombie (Vaults:1)
  2 air elementals
  13 hippogriffs
  3 redbacks (Vaults:2)
  6 vampires
  6 shadows
  Sigmund (D:2)
  47 yaks
  A hog (shapeshifter) (Vaults:4)
  3 wyverns
  2 hungry ghosts (D:14)
  10 wraiths
  5 fire elementals
  3 water elementals
  13 vampire mosquitoes
  2 basilisks
  10 insubstantial wisps
  10 wargs
  47 nagas
  13 water moccasins
  13 swamp worms
  2 acid dragons
  5 hell hounds (D:15)
  7 porcupines
  15 swamp drakes
  A hornet zombie (D:15)
  A spiny frog skeleton (Crypt:2)
  4 ice beasts
  3 sky beasts
  2 black bears
  2 eyes of draining
  36 orc warriors
  A phantom (D:9)
  A black bear (shapeshifter) (Vaults:2)
  An elf skeleton (Vaults:1)
  24 wolves
  20 ogres
  8 boggarts
  An elephant skeleton (Crypt:1)
  11 centaurs
  A big kobold (shapeshifter) (Vaults:2)
  A torpor snail zombie (Crypt:2)
  20 crocodiles
  2 big kobolds
  6 gnoll sergeants
  19 bullfrogs
  A wyvern zombie (D:11)
  2 earth elementals
  2 human skeletons (Vaults:1)
  A cyclops skeleton (Crypt:1)
  5 scorpions
  2 wyvern skeletons
  A warg zombie (Crypt:1)
  6 killer bees (D:11)
  A polar bear skeleton (Crypt:1)
  20 wights
  An elf simulacrum (Vaults:2)
  A wolf zombie (Crypt:1)
  4 electric eels
  3 crimson imps
  3 centaur zombies
  A yaktaur simulacrum (Vaults:1)
  7 jellies
  30 orc priests
  A bullfrog skeleton (D:10)
  10 hounds
  2 bullfrog zombies (D:5)
  Ijyb (D:3)
  3 centaur skeletons
  8 iguanas
  3 gnoll shamans (D:10)
  Natasha (thrice) (D:3)
  17 orc wizards
  10 worker ants
  2 hound zombies (D:7)
  2 howler monkey zombies
  2 worker ant zombies
  Robin (D:3)
  30 gnolls
  A howler monkey skeleton (D:5)
  16 adders
  3 shadow imps
  An ufetubus (Vaults:2)
  An ooze (D:4)
  A worm (D:2)
  A dart slug (D:2)
  5 leopard geckos
  103 orcs
  4 ball pythons
  6 giant cockroaches
  11 goblins
  5 hobgoblins
  20 jackals
  9 kobolds
  5 quokkas
  A ball python skeleton (Crypt:1)
  5 bats
  3 frilled lizards
  A jackal skeleton (Crypt:2)
  A leopard gecko skeleton (D:5)
  2 leopard gecko zombies
  9 rats
  A rat (shapeshifter) (Vaults:1)
  A crawling corpse (Vaults:5)
  3 plants (Lair:6)
1707 creatures vanquished.

Vanquished Creatures (collateral kills)
  Asterion (Vaults:1)
  3 vault guards (Vaults:5)
  A deep troll (Vaults:5)
  A phantasmal warrior (Crypt:2)
  A cyclops (Vaults:1)
  3 yaktaurs
  A centaur (Vaults:4)
  An orc wizard (Vaults:4)
12 creatures vanquished.

Vanquished Creatures (others)
  A deep elf demonologist (Vaults:5)
  An alligator (Swamp:4)
  A slime creature (Swamp:4)
  A spriggan druid (Swamp:1)
  A vampire mosquito (Swamp:4)
  A centaur (Vaults:4)
  An orc priest (Vaults:4)
  2 orcs
  11 fungi
  12 plants
32 creatures vanquished.

Grand Total: 1751 creatures vanquished

Notes
Turn   | Place    | Note
-------+----------+-------------------------------------------
     0 | D:1      | Fingolfin the Formicid Necromancer began the quest for the
                  | Orb.
     0 | D:1      | Reached XP level 1. HP: 13/13 MP: 3/3
   109 | D:1      | Reached skill level 1 in Fighting
   130 | D:1      | Reached XP level 2. HP: 18/21 MP: 0/5
   719 | D:2      | Reached XP level 3. HP: 27/28 MP: 3/6
  1052 | D:2      | Noticed Sigmund
  2054 | D:2      | Killed Sigmund
  2054 | D:2      | Reached skill level 5 in Fighting
  2054 | D:2      | Reached XP level 4. HP: 15/40 MP: 1/7
  2054 | D:2      | Reached XP level 5. HP: 17/46 MP: 1/8
  2054 | D:2      | Reached XP level 6. HP: 19/52 MP: 1/9
  2306 | D:3      | Noticed Robin
  2665 | D:3      | Killed Robin
  2785 | D:3      | Noticed Ijyb
  2812 | D:3      | Killed Ijyb
  2812 | D:3      | Reached skill level 1 in Armour
  3246 | D:3      | Found an ornate altar of the Wu Jian Council.
  3498 | D:3      | Noticed Natasha
  3504 | D:3      | Killed Natasha
  3667 | D:3      | Noticed Natasha
  3673 | D:3      | Killed Natasha
  3807 | D:3      | Noticed Natasha
  3820 | D:3      | Killed Natasha
  4004 | D:4      | Reached XP level 7. HP: 58/58 MP: 7/10
  4036 | D:4      | Got a twisted dagger
  4579 | D:4      | Found a radiant altar of Vehumet.
  4581 | D:4      | Found a snail-covered altar of Cheibriados.
  4681 | D:4      | Found a sparkling altar of Nemelex Xobeh.
  4683 | D:4      | Found an iron altar of Okawaru.
  4688 | D:4      | Became a worshipper of Warmaster Okawaru
  4935 | D:5      | Entered Level 5 of the Dungeon
  4944 | D:5      | Found a sacrificial altar of Ru.
  5072 | D:5      | Found Kiatif's Serpentskin Sales.
  5074 | D:5      | Noticed a water moccasin
  5097 | D:5      | Killed a water moccasin
  5097 | D:5      | Reached XP level 8. HP: 46/64 MP: 7/11
  5107 | D:5      | Reached skill level 1 in Shields
  5508 | D:5      | Found a burning altar of Makhleb.
  5684 | D:5      | Identified the cursed +3 dagger of Sutit {flame, Dex+4}
                  | (You found it on level 4 of the Dungeon)
  6151 | D:5      | Found a shimmering altar of Xom.
  6162 | D:5      | Reached * piety under Okawaru
  6162 | D:5      | Reached skill level 1 in Evocations
  6296 | D:5      | Reached skill level 1 in Invocations
  6843 | D:6      | Found a white marble altar of Elyvilon.
  6860 | D:6      | Reached XP level 9. HP: 56/69 MP: 8/12
  6995 | D:6      | Identified the Guide on Scorching Protection
  7348 | D:7      | Reached skill level 5 in Evocations
  7361 | D:7      | Reached ** piety under Okawaru
  7779 | D:7      | Reached skill level 5 in Invocations
  8423 | D:7      | Found a basalt altar of Yredelemnul.
  8476 | D:7      | Found a staircase to the Ecumenical Temple.
  8905 | D:7      | Found a white marble altar of Elyvilon.
  9110 | D:8      | Noticed a two-headed ogre
  9167 | D:6      | You fall into a shaft and drop 3 floors!
  9417 | D:9      | Noticed a hippogriff
  9435 | D:9      | Killed a hippogriff
  9443 | D:9      | Reached *** piety under Okawaru
  9647 | D:9      | Reached XP level 10. HP: 54/76 MP: 10/16
  9702 | D:8      | Found a blossoming altar of Fedhas.
 10308 | D:8      | Found a stormy altar of Qazlal.
 10449 | D:8      | Found a glowing golden altar of the Shining One.
 10496 | D:8      | Found a shadowy altar of Dithmenos.
 10684 | D:8      | Found a glowing silver altar of Zin.
 11058 | D:8      | Found a staircase to the Lair.
 11059 | D:8      | Noticed a komodo dragon
 11715 | Lair:1   | Entered Level 1 of the Lair of Beasts
 11715 | Lair:1   | Noticed a spiny frog
 11741 | Lair:1   | Killed a spiny frog
 11741 | Lair:1   | Reached skill level 5 in Armour
 11741 | Lair:1   | Reached skill level 5 in Shields
 12404 | Lair:1   | Reached skill level 5 in Dodging
 12833 | Lair:1   | Reached **** piety under Okawaru
 13076 | Lair:1   | Noticed a black mamba
 13086 | Lair:1   | Killed a black mamba
 13541 | Lair:2   | Noticed a spiny frog
 13571 | Lair:2   | Killed a spiny frog
 13571 | Lair:2   | Reached XP level 11. HP: 26/86 MP: 7/17
 14687 | Lair:2   | Reached ***** piety under Okawaru
 14777 | Lair:2   | Reached skill level 10 in Invocations
 15046 | Lair:2   | You fall into a shaft and drop 2 floors!
 16036 | Lair:4   | Reached XP level 12. HP: 40/95 MP: 19/19
 16346 | Lair:2   | Noticed Fannar
 16400 | Lair:2   | Killed Fannar
 16400 | Lair:2   | Reached skill level 10 in Fighting
 17354 | Lair:2   | Noticed Gastronok
 17379 | Lair:2   | Killed Gastronok
 17379 | Lair:2   | Received a gift from Okawaru
 17380 | Lair:2   | Got a pair of ancient boots {god gift}
 17386 | Lair:2   | Identified the +0 pair of boots of Mezcal {rElec rPois}
                  | (Okawaru gifted it to you on level 2 of the Lair of Beasts)
 17453 | Lair:1   | Got a twisted flail
 17454 | Lair:1   | Identified the +6 flail "Qut Wadgh" {crush, rF+ MR++ Dex+4}
                  | (You found it on level 1 of the Lair of Beasts)
 17961 | Lair:2   | Reached skill level 1 in Maces & Flails
 18590 | Lair:3   | Found a staircase to the Snake Pit.
 18607 | Lair:3   | Reached skill level 5 in Maces & Flails
 18673 | Lair:3   | Found a shattered altar of Ashenzari.
 19519 | Lair:4   | Found a staircase to the Swamp.
 19761 | Lair:4   | Reached XP level 13. HP: 75/103 MP: 20/20
 20613 | Lair:5   | Noticed a four-headed hydra
 20626 | Lair:5   | Killed a four-headed hydra
 20852 | Lair:5   | Noticed a six-headed hydra
 20862 | Lair:5   | Killed a six-headed hydra
 20862 | Lair:5   | Received a gift from Okawaru
 21245 | Lair:6   | Entered Level 6 of the Lair of Beasts
 21640 | Lair:6   | Found a staircase to the Slime Pits.
 21696 | Lair:6   | Reached skill level 10 in Maces & Flails
 22163 | Lair:6   | Noticed an eight-headed hydra
 22171 | Lair:6   | Killed an eight-headed hydra
 22985 | Lair:6   | Noticed an anaconda
 23011 | Lair:6   | Killed an anaconda
 23034 | Lair:6   | Noticed a dire elephant
 23034 | Lair:6   | Noticed a dire elephant
 23071 | Lair:6   | Killed a dire elephant
 23087 | Lair:6   | Killed a dire elephant
 23349 | Lair:6   | Noticed a dire elephant
 23371 | Lair:6   | Killed a dire elephant
 23388 | Lair:6   | Noticed a dire elephant
 23406 | Lair:6   | Killed a dire elephant
 23406 | Lair:6   | Reached XP level 14. HP: 74/110 MP: 22/22
 23559 | Lair:6   | Noticed a dire elephant
 23584 | Lair:6   | Killed a dire elephant
 23629 | Lair:6   | Noticed a dire elephant
 23648 | Lair:6   | HP: 5/110 [dire elephant (26)]
 23650 | Lair:6   | Killed a dire elephant
 24446 | D:9      | Found the macabre finger necklace {rN+}
 24920 | D:10     | Entered Level 10 of the Dungeon
 25133 | D:10     | Received a gift from Okawaru
 25330 | D:10     | Found a staircase to the Orcish Mines.
 25885 | Orc:1    | Entered Level 1 of the Orcish Mines
 27484 | Orc:2    | Entered Level 2 of the Orcish Mines
 27719 | Orc:2    | Upgraded the game from 0.24.0-1-gfbc8707122 to
                  | 0.24.0-2-g5b39cebb1c
 27898 | Orc:2    | Noticed Maurice
 27910 | Orc:2    | Killed Maurice
 28342 | Orc:2    | Reached ****** piety under Okawaru
 28367 | Orc:2    | Found a roughly hewn altar of Beogh.
 28433 | Orc:2    | Found Foygibenoi's Armour Shop.
 28433 | Orc:2    | Found Wuly's Gadget Emporium.
 28511 | Orc:2    | Noticed Nessos
 28525 | Orc:2    | Killed Nessos
 28525 | Orc:2    | Received a gift from Okawaru
 28525 | Orc:2    | Reached XP level 15. HP: 90/115 MP: 22/25
 28638 | Orc:2    | Found a staircase to the Elven Halls.
 28783 | Orc:2    | Found Biytir's Gadget Boutique.
 28994 | Orc:2    | Found Pedac's Food Shop.
 28994 | Orc:2    | Found Soam's Antique Armour Emporium.
 29040 | Orc:2    | Noticed Urug
 29066 | Orc:2    | Killed Urug
 29228 | Orc:2    | Bought a pair of glowing gloves for 202 gold pieces
 29276 | Orc:2    | Bought a phantom mirror for 360 gold pieces
 29276 | Orc:2    | Bought a sack of spiders for 240 gold pieces
 29276 | Orc:2    | Bought a box of beasts for 240 gold pieces
 29276 | Orc:2    | Bought a wand of iceblast (11) for 180 gold pieces
 29292 | Orc:2    | Bought a wand of digging (6) for 240 gold pieces
 29292 | Orc:2    | Bought a box of beasts for 240 gold pieces
 29292 | Orc:2    | Bought a phantom mirror for 360 gold pieces
 29318 | Elf:1    | Entered Level 1 of the Elven Halls
 29844 | Elf:1    | Found Saip's Assorted Antiques.
 29851 | Elf:1    | Bought a scroll of identify for 44 gold pieces
 29851 | Elf:1    | Bought a scroll of identify for 44 gold pieces
 30378 | Elf:1    | Noticed a Hell Sentinel
 30864 | Elf:1    | Received a gift from Okawaru
 31618 | Elf:2    | Reached XP level 16. HP: 101/128 MP: 23/26
 31966 | Elf:2    | Cast into level 2 of the Abyss (+2 war axe of distortion)
 31973 | Elf:2    | Escaped the Abyss
 32156 | Elf:2    | Found a huge runed translucent gate.
 32156 | Elf:2    | Found a huge runed translucent gate.
 32156 | Elf:2    | Found a huge runed translucent gate.
 32157 | Elf:2    | Found a huge runed translucent gate.
 32157 | Elf:2    | Found a huge runed translucent gate.
 32996 | Elf:2    | Received a gift from Okawaru
 33572 | Elf:3    | Entered Level 3 of the Elven Halls
 33572 | Elf:3    | Found Toefidyf's Gadget Boutique.
 33943 | Elf:3    | Received a gift from Okawaru
 33945 | Elf:3    | Got a pair of smoking boots {god gift}
 33964 | Elf:3    | Identified the +0 pair of boots "Isiditih" {rPois} (Okawaru
                  | gifted it to you on level 3 of the Elven Halls)
 34194 | Elf:3    | Reached skill level 10 in Evocations
 34207 | Elf:3    | Noticed a deep elf sorcerer
 34230 | Elf:3    | Reached XP level 17. HP: 65/139 MP: 11/27
 34484 | Elf:3    | Noticed a deep elf master archer
 34493 | Elf:3    | Killed a deep elf master archer
 34527 | Elf:3    | Noticed a deep elf master archer
 34545 | Elf:3    | Killed a deep elf master archer
 35114 | Elf:3    | Noticed a deep elf blademaster
 35131 | Elf:3    | Killed a deep elf blademaster
 35232 | Elf:3    | Received a gift from Okawaru
 35232 | Elf:3    | Reached skill level 10 in Shields
 35333 | Elf:3    | Reached skill level 10 in Armour
 35828 | Elf:3    | Received a gift from Okawaru
 35882 | Elf:3    | Reached skill level 10 in Dodging
 36457 | Elf:3    | Reached XP level 18. HP: 119/146 MP: 23/28
 37031 | Elf:3    | Received a gift from Okawaru
 37066 | Elf:3    | Identified the Guide on Spatial Good Luck
 37082 | Elf:3    | Got a faintly glowing lapis lazuli ring
 37083 | Elf:3    | Identified the ring of Juitawun {rElec rPois rN+ Dex+2}
                  | (You found it on level 3 of the Elven Halls)
 37229 | Elf:3    | Identified a scroll of acquirement
 37230 | Elf:3    | Got a spiked large shield
 37241 | Elf:3    | Identified the +7 large shield of Awe {+Inv rPois rC+} (You
                  | acquired it on level 3 of the Elven Halls)
 37499 | D:11     | Found a frozen archway.
 37508 | IceCv    | Entered an ice cave
 37569 | IceCv    | Got a flickering amethyst amulet
 37571 | IceCv    | Identified the amulet "Anepijoaw" {Reflect *Corrode rN+
                  | Str+3 SH+4 Stlth+} (You found it in an ice cave)
 37883 | IceCv    | Identified Feivetyn's Papyrus of Ice
 37886 | IceCv    | Identified the Guide on Dark Arts and Moulding
 38965 | D:12     | Found Vaad's Weapon Shop.
 39340 | D:13     | Found a gate to the Vaults.
 39488 | D:13     | You fall into a shaft and drop 2 floors!
 39488 | D:15     | Entered Level 15 of the Dungeon
 39489 | D:15     | Noticed Azrael
 39522 | D:15     | Killed Azrael
 40079 | D:15     | Found a staircase to the Depths.
 40506 | D:14     | You fall into a shaft and drop 1 floor!
 40556 | D:14     | Received a gift from Okawaru
 40751 | D:14     | You fall into a shaft and drop 1 floor!
 41353 | D:13     | Found the +12 Vampire's Tooth {vamp}
 42117 | Swamp:1  | Entered Level 1 of the Swamp
 42238 | Swamp:1  | Reached XP level 19. HP: 111/152 MP: 26/29
 42555 | Swamp:1  | Found a runed translucent door.
 42666 | Swamp:1  | Received a gift from Okawaru
 43498 | Swamp:2  | You fall into a shaft and drop 1 floor!
 43507 | Swamp:3  | Reached skill level 15 in Invocations
 43539 | Swamp:3  | Noticed Louise
 43579 | Swamp:3  | Killed Louise
 43650 | Swamp:3  | Found a transporter.
 43912 | Swamp:3  | Found a transporter.
 43917 | Swamp:3  | Got a twitching bone ring
 43931 | Swamp:3  | Identified the ring of Jesasm {rN+ MP+9} (You found it on
                  | level 3 of the Swamp)
 43935 | Swamp:3  | Got a wavering iron ring
 43936 | Swamp:3  | Identified the ring of Geih {rF+ rN+} (You found it on
                  | level 3 of the Swamp)
 43944 | Swamp:3  | Got a smoking chain mail
 43955 | Swamp:3  | Identified the cursed +0 chain mail "Hipob" {Dex+4} (You
                  | found it on level 3 of the Swamp)
 44269 | Swamp:2  | Received a gift from Okawaru
 44806 | Swamp:4  | Entered Level 4 of the Swamp
 45249 | Swamp:4  | Received a gift from Okawaru
 45710 | Swamp:4  | Reached XP level 20. HP: 151/159 MP: 24/33
 45858 | Swamp:4  | Got a decaying rune of Zot
 46275 | Snake:1  | Entered Level 1 of the Snake Pit
 46446 | Snake:1  | You fall into a shaft and drop 1 floor!
 46480 | Snake:2  | Found Aditt's Book Shoppe.
 46480 | Snake:2  | Found Rumoror's Distillery.
 46530 | Snake:2  | Received a gift from Okawaru
 46553 | Snake:2  | Bought a potion of curing for 51 gold pieces
 46553 | Snake:2  | Bought a potion of mutation for 136 gold pieces
 46553 | Snake:2  | Bought a potion of curing for 51 gold pieces
 46553 | Snake:2  | Bought a potion of resistance for 170 gold pieces
 46654 | Snake:1  | Reached skill level 15 in Maces & Flails
 46721 | Snake:1  | Received a gift from Okawaru
 46784 | Snake:1  | Noticed Josephine
 46793 | Snake:1  | Killed Josephine
 46975 | Snake:1  | Received a gift from Okawaru
 47420 | Snake:2  | Noticed Vashnia
 47486 | Snake:2  | Killed Vashnia
 47664 | Snake:2  | Received a gift from Okawaru
 47684 | Snake:2  | Identified a +1 pair of boots of running (Okawaru gifted it
                  | to you on level 2 of the Snake Pit)
 48018 | Snake:3  | Reached skill level 15 in Fighting
 48079 | Snake:3  | Found Piuto's Jewellery Boutique.
 48092 | Snake:3  | Reached XP level 21. HP: 135/168 MP: 30/34
 48704 | Snake:3  | Found Arool's Magic Scroll Shoppe.
 48712 | Snake:3  | Bought a scroll of fog for 42 gold pieces
 48712 | Snake:3  | Bought a scroll of holy word for 157 gold pieces
 48712 | Snake:3  | Bought a scroll of silence for 157 gold pieces
 49285 | Snake:4  | Entered Level 4 of the Snake Pit
 49893 | Snake:4  | Received a gift from Okawaru
 49954 | Snake:4  | Got a serpentine rune of Zot
 51111 | Slime:1  | Entered Level 1 of the Pits of Slime
 51355 | Vaults:1 | Entered Level 1 of the Vaults
 51355 | Vaults:1 | Found Miprosua's Jewellery Emporium.
 51541 | Vaults:1 | Bought the amulet of Disaster {Spirit -Tele MR++ Str+3} for
                  | 737 gold pieces
 51568 | Vaults:1 | Noticed Asterion
 51579 | Vaults:1 | Reached XP level 22. HP: 124/184 MP: 0/35
 51597 | Vaults:1 | Killed Asterion
 51640 | Vaults:1 | Received a gift from Okawaru
 52027 | Vaults:1 | Found Rowka's Antique Weapon Shop.
 52405 | Vaults:1 | Reached skill level 15 in Evocations
 52614 | Vaults:1 | Received a gift from Okawaru
 52629 | Vaults:1 | Got an encrusted flail {god gift}
 52630 | Vaults:1 | Identified the +8 flail "Ylaiv" {pain, rF+++ rC+ Int-3
                  | Dex+2} (Okawaru gifted it to you on level 1 of the Vaults)
 52691 | Vaults:1 | Found Valoshipoe's Book Shop.
 52700 | Vaults:1 | Learned a level 2 spell: Swiftness
 52704 | Vaults:1 | Learned a level 3 spell: Regeneration
 52709 | Vaults:1 | Learned a level 4 spell: Animate Dead
 52714 | Vaults:1 | Learned a level 4 spell: Summon Lightning Spire
 52889 | Vaults:1 | Reached skill level 1 in Charms
 53016 | Vaults:1 | Reached skill level 5 in Necromancy
 53291 | Vaults:2 | Found Etriol's Jewellery Shoppe.
 53543 | Vaults:2 | Received a gift from Okawaru
 53545 | Vaults:2 | Got a pair of encrusted gloves {god gift}
 53556 | Vaults:2 | Identified the +2 pair of gloves of the Planets {Dex+2}
                  | (Okawaru gifted it to you on level 2 of the Vaults)
 54457 | Vaults:3 | Reached skill level 5 in Charms
 54569 | Vaults:3 | Found Ydavah's Armour Emporium.
 54616 | Vaults:3 | Reached XP level 23. HP: 186/190 MP: 34/36
 54764 | Vaults:3 | Found a staircase to the Crypt.
 54764 | Vaults:3 | Found a basalt altar of Yredelemnul.
 54764 | Vaults:3 | Found an ancient bone altar of Kikubaaqudgha.
 54773 | Crypt:1  | Entered Level 1 of the Crypt
 55558 | Crypt:1  | Reached skill level 10 in Necromancy
 55611 | Crypt:1  | Received a gift from Okawaru
 55837 | Crypt:1  | Reached XP level 24. HP: 197/197 MP: 36/36
 55967 | Crypt:2  | Reached skill level 1 in Air Magic
 56989 | Vaults:3 | Noticed Jory
 57022 | Vaults:3 | Killed Jory
 57266 | Vaults:3 | Reached skill level 5 in Air Magic
 57727 | Vaults:4 | Reached XP level 25. HP: 195/204 MP: 27/36
 57728 | Vaults:4 | Reached XP level 26. HP: 202/211 MP: 27/36
 57930 | Vaults:4 | Got a pair of dazzling boots
 57941 | Vaults:4 | Identified the +2 pair of boots of the Pit {rPois} (You
                  | found it on level 4 of the Vaults)
 58257 | Vaults:4 | Received a gift from Okawaru
 58331 | Vaults:4 | Reached XP level 27. HP: 182/217 MP: 23/36
 58476 | Vaults:4 | Got a scorched cloak
 58487 | Vaults:4 | Identified the cursed +0 cloak of Xom's Esteem {*Contam
                  | Slay+5} (You found it on level 4 of the Vaults)
 59062 | Vaults:5 | Entered Level 5 of the Vaults
 59237 | Vaults:5 | Killed from afar by a golden dragon

Levels and vault maps discovered:
D:1:      mrwooster_arrival_arrow, layout_loops_ring
D:2:      layout_basic, uniq_sigmund
D:3:      layout_basic, old_standard_altar, uniq_ijyb, uniq_robin, uniq_natasha
D:4:      layout_loops_cross, nicolae_overflow_hidden_temple, first_ration
D:5:      layout_loops_corners, lemuel_crystal_altar, hangedman_feature_mirror,
          guppyfry_shop_venom
D:6:      layout_basic, elyvilon_altar_5
D:7:      layout_layer_cave, kennysheep_ying_yang, minmay_temple_entry_slanted,
          minmay_misc_feat_iff, minmay_fractal_squares_diagonal_5
D:8:      layout_basic, grunt_temple_overflow_forces_of_nature,
          old_standard_altar, nicolae_dithmenos_the_darkroom, tso_oasis_becter,
          david_lair_shrubbed
D:9:      layout_loops_corners
D:10:     minmay_opposing_rooms, layout_cave_pools, orc_0_dummy,
          serial_gnoll_camp, gnoll_camp_huts_basic, gnoll_camp_mini_hut,
          gnoll_camp_mini_house, gnoll_camp_mini_hut, gnoll_camp_medium_02
D:11:     layout_grid_maze, portal_ice_cave_entry_pillars_1
D:12:     layout_small_grid, special_room [special_room_orc], serial_shops,
          kennysheep_mini_moat, hangedman_fish_farm,
          chequers_serial_rivers_micro_a
D:13:     layout_layer_cave, erik_vaults_1, minmay_guarded_unrand_vampires_tooth
D:14:     layout_long_grid, glass_columns_b
D:15:     gammafunk_enter_depths_forms, layout_irregular_city,
          minmay_diced_spiral, uniq_azrael
Lair:1:   layout_big_grid, serial_bayou_shore_a, grunt_megastairs_5,
          infiniplex_staircase_pool_2
Lair:2:   layout_layer_cave, grunt_megastairs_1, serial_bayou_shore_b,
          uniq_gastronok, uniq_fannar
Lair:3:   wad_woods_stonehenge, layout_misc_corridors,
          nicolae_lair_grove_arrangements
Lair:4:   layout_gridlike, minmay_swamp_entry_swarm
Lair:5:   layout_regular_city
Lair:6:   due_jungle_book, layout_gridlike, minmay_slime_entry_pillars,
          serial_bayou_pond_b
Swamp:1:  gammafunk_mikee_crab_dinner, layout_basic_swamp,
          infiniplex_staircase_pool
Swamp:2:  layout_basic_swamp, hangedman_swamp_pad
Swamp:3:  gammafunk_its_a_trap, layout_basic_swamp, hangedman_swamp_ruin_hall,
          uniq_louise
Swamp:4:  swamp_basic_johnstein, layout_basic_swamp, swamp_pool3,
          hangedman_swamp_ruin_wall
Snake:1:  layout_concentric_octagons, uniq_josephine
Snake:2:  layout_gridlike, minmay_shoptagon, uniq_vashnia
Snake:3:  layout_chambers, serial_shops, shop, minmay_shop_enchanted_jewellery
Snake:4:  snake_pit, layout_cave_town, statue_in_the_mist_lemuel,
          lemuel_fruit_tree
Slime:1:  layout_caves
Orc:1:    cheibrodos_orc_arena, layout_caves
Orc:2:    st_orc_town, layout_caves, serial_shops, shop, uniq_urug, uniq_nessos,
          uniq_maurice
Elf:1:    eino_elf_arrival_the_gate, layout_geoelf_diagonals, serial_shops,
          shop, evilmike_minifort, amethyst_killhole
Elf:2:    layout_geoelf_octagon
Elf:3:    minmay_elf_hall_four_x, layout_rooms, serial_shops, shop, nrook_uturn,
          minivault_26, nicolae_elf_stone_circles, grunt_ministairs_11,
          guppyfry_library_mini
Vaults:1: v_misc_14, v_alt_pattern_1, nicolae_vaults_border_crossing, v_misc_16,
          v_misc_30, nicolae_vaults_network_periphery,
          nicolae_vaults_circle_grid_b, v_alt_pattern_5, v_pattern_3,
          vaults_dpeg_hooks, hangedman_vaults_locks, vaults_room_guarded_vault,
          layout_vaults_ring, serial_shops, shop, nicolae_shop_waterfront, shop,
          uniq_asterion
Vaults:2: vaults_room_ringed_pool, nicolae_vaults_inception_scallops,
          nicolae_vaults_sealed_display, vaults_mumra_lcd,
          nicolae_vaults_little_squares_5, serial_ice_g,
          nicolae_vaults_network_star, layout_vaults_omnigrid, serial_shops,
          nicolae_shop_crystal
Vaults:3: v_alt_pattern_1, v_misc_12, v_pattern_2, hangedman_vaults_restitches,
          v_misc_26, nicolae_vaults_mini_display_case,
          minmay_crypt_entry_necro_gods, dpeg_vaults_monster_box,
          vaults_room_pool, nicolae_vaults_specimen_jars,
          layout_vaults_big_room, serial_shops, shop, uniq_jory
Vaults:4: nicolae_vaults_network_square, nicolae_vaults_back_hallway,
          vaults_room_octagon, st_lines, hangedman_vaults_unwind,
          vaults_mumra_minichess_inversion, v_alt_pattern_3,
          ontoclasm_vaults_bender, v_misc_16, vaults_room_grid,
          ontoclasm_vaults_twist, vaults_room_corners, vaults_room_grid,
          layout_vaults_omnibox
Vaults:5
Crypt:1:  layout_gridlike, nicolae_crypt_little_mausoleum, grunt_megastairs_2
Crypt:2:  layout_misc_corridors, moated_statue

Skill      XL: |  1  2  3  4  5  6  7  8  9 10 11 12 13 14 15 16 17 18 19 20 21 22 23 24 25 26 27 |
---------------+----------------------------------------------------------------------------------+-----
Fighting       | 1 2 5 6 8 9 10 12 14 15 18 | 18.0
Armour         | 2 4 6 8 9 10 12 13 | 13.9
Dodging        | 2 4 6 8 9 10 12 13 | 13.4
Shields        | 4 6 7 8 9 11 12 13 14 | 14.3
Evocations     | 4 6 8 10 12 13 14 15 16 17 | 17.1
Invocations    | 3 8 10 11 14 18 | 18.5
Short Blades   | 2 4 |  4.7
Maces & Flails | 7 10 11 14 16 | 16.0
Charms         | 6 |  6.0
Necromancy     | 7 11 12 | 12.0
Air Magic      | 6 |  6.0
Stealth        | |  2.4
Spellcasting   | |  2.1

Action                   |  1- 3 |  4- 6 |  7- 9 | 10-12 | 13-15 | 16-18 | 19-21 | 22-24 | 25-27 || total
-------------------------+-------+-------+-------+-------+-------+-------+-------+-------+-------++-------
Melee: Short sword       |    23 |    24 |       |       |       |       |       |       |       ||    47
       Dagger            |       |    51 |   933 |  1125 |       |       |       |       |       ||  2109
       Flail             |       |       |       |   190 |  1626 |   853 |    23 |       |       ||  2692
       Eveningstar       |       |       |       |       |       |   753 |  1771 |  1147 |   341 ||  4012
 Fire: Hunting sling     |       |     1 |       |       |       |       |       |       |       ||     1
Throw: Dart              |       |       |       |     5 |       |       |       |       |       ||     5
       Boomerang         |       |       |       |     3 |       |       |       |       |       ||     3
 Cast: Pain              |    70 |    57 |    10 |       |       |       |       |       |       ||   137
       Animate Dead      |       |       |       |       |       |       |       |     2 |     9 ||    11
       Regeneration      |       |       |       |       |       |       |       |     1 |       ||     1
Invok: Heroism           |       |       |     7 |    22 |    23 |    15 |     8 |    12 |     4 ||    91
       Finesse           |       |       |       |     1 |     2 |     4 |     3 |     5 |     3 ||    18
 Abil: Dig               |       |     1 |     9 |    16 |    19 |    26 |     7 |     1 |       ||    79
       Shaft Self        |       |       |     1 |       |       |       |       |       |       ||     1
       Evoke Invisibilit |       |       |       |       |       |       |     2 |       |     1 ||     3
Evoke: Wand              |       |       |     1 |    28 |    11 |     6 |       |    18 |     6 ||    70
       Sack of spiders   |       |       |       |       |       |       |       |     4 |       ||     4
       Phantom mirror    |       |       |       |       |       |       |       |     1 |       ||     1
       Box of beasts     |       |       |       |       |       |       |       |     1 |       ||     1
       Lamp of fire      |       |       |       |       |       |       |       |       |     1 ||     1
  Use: Potion            |     2 |       |     1 |     7 |     2 |       |       |    12 |     3 ||    27
       Scroll            |       |     4 |     4 |     5 |    11 |    18 |     7 |     2 |     1 ||    52
 Stab: Sleeping          |       |     2 |       |       |       |       |       |     1 |       ||     3
       Paralysed         |       |       |       |     3 |     5 |       |       |       |       ||     8
       Distracted        |       |       |       |       |       |     2 |       |     1 |       ||     3
       Invisible         |       |       |       |       |       |       |     7 |       |     1 ||     8
  Eat: Chunk             |     4 |     8 |    18 |    22 |    36 |    31 |    21 |    14 |     5 ||   159
       Ration            |       |       |     1 |     4 |     2 |     2 |     4 |     2 |     1 ||    16
Armor: Robe              |     2 |    25 |     8 |       |       |       |       |       |       ||    35
       Chain mail        |       |       |   319 |   341 |   291 |   100 |       |       |       ||  1051
       Pearl dragon scal |       |       |       |       |       |   107 |   295 |   196 |    67 ||   665
Dodge: Dodged            |    25 |    66 |   306 |   497 |   478 |   374 |   552 |   384 |    58 ||  2740
Block: Buckler           |       |       |   142 |   276 |    70 |       |       |       |       ||   488
       Large shield      |       |       |       |       |   849 |  1148 |  1815 |  1327 |   330 ||  5469
